 Dungeon Crawl Stone Soup version 0.30-a0-845-g7c6808c8ce (webtiles) character file.

Game seed: 18275210334522260058

1495 kiwi3s the Trooper (level 8, -4/109 HPs)
             Began as a Minotaur Berserker on Mar 2, 2023.
             Was a Believer of Trog.
             Slain by an orc warrior
             ... wielding a +0 glaive
              (9 damage)
             ... on level 7 of the Dungeon.
             The game lasted 00:04:15 (5442 turns).

kiwi3s the Trooper (Minotaur Berserker)             Turns: 5442, Time: 00:04:16

Health: -4/109     AC: 11    Str: 24    XL:     8   Next: 51%
Magic:  7/7        EV: 10    Int:  4    God:    Trog [**....]
Gold:   419        SH:  0    Dex: 10    Spells: 7/7 levels left

rFire   . . .      SeeInvis .    t - +1 hand axe (freeze)
rCold   . . .      Faith    .    (no shield)
rNeg    . . .      Spirit   .    l - +0 chain mail
rPois   .          Reflect  .    (helmet restricted)
rElec   .          Rampage  .    (no cloak)
rCorr   .                        k - +0 pair of gloves
Will    .....                    (no boots) Stlth
                                 (no amulet)
HPRegen 0.38/turn                (no ring)
MPRegen 0.10/turn                (no ring)

@: berserking (expiring), very quick
A: horns 2, retaliatory headbutt
a: Renounce Religion, Berserk, Trog's Hand


You were on level 7 of the Dungeon.
You worshipped Trog.
Trog was pleased with you.
You visited 1 branch of the dungeon, and saw 7 of its levels.

You collected 419 gold pieces.

Inventory:

Hand Weapons
 a - a +0 hand axe
 t - a +1 hand axe of freezing (weapon)
Missiles
 f - 8 boomerangs (quivered)
Armour
 b - a +0 animal skin
 k - a +0 pair of gloves (worn)
 l - a +0 chain mail (worn)
Jewellery
 j - a ring of ice
 x - an amulet of reflection
 B - a ring of ice
 C - a +4 ring of slaying
Wands
 r - a wand of quicksilver (22)
Scrolls
 c - 3 scrolls of immolation {unknown}
 e - 14 scrolls of identify {unknown}
 h - 4 scrolls of teleportation {unknown}
 n - 3 scrolls of amnesia {unknown}
 o - a scroll of silence {unknown}
 p - a scroll of fog {unknown}
 q - 2 scrolls of poison {unknown}
 v - a scroll of enchant weapon {unknown}
 w - a scroll of blinking {unknown}
 y - a scroll of summoning {unknown}
 D - a scroll of magic mapping {unknown}
Potions
 d - a potion of might {unknown}
 g - 2 potions of degeneration {unknown}
 i - 3 potions of mutation {unknown}
 m - 5 potions of curing {unknown}
 s - a potion of attraction {unknown}
 u - 2 potions of flight {unknown}
 z - a potion of berserk rage {unknown}
 A - a potion of haste {unknown}
 E - a potion of heal wounds {unknown}


   Skills:
 + Level 7.3 Fighting
 + Level 7.3 Axes
 + Level 6.8 Armour
 + Level 6.2 Dodging


You had 7 spell levels left.
You didn't know any spells.
Your spell library was empty.

Dungeon Overview and Level Annotations

Branches:
Dungeon (7/15)             Temple (0/1) D:4

Altars:
Hepliaklqana
Makhleb
Trog
Vehumet

Shops:
D:4 (   D:5 (


Innate Abilities, Weirdness & Mutations

You have a pair of horns on your head.
You reflexively headbutt those who attack you in melee.


Message History

The kobold shouts!
You hit the orc warrior but do no damage.
The orc warrior is moderately wounded.
The kobold throws a stone.
The stone closely misses you.
The orc warrior hits you with a +0 glaive.
* * * LOW HITPOINT WARNING * * *
Unknown command.
You barely miss the orc warrior.
The orc warrior is moderately wounded.
Unknown command.
You closely miss the orc warrior. Your headbutt misses the orc warrior.
The orc warrior is moderately wounded.
The orc warrior hits you with a +0 glaive.
* * * LOW HITPOINT WARNING * * *
Unknown command.
You closely miss the orc warrior.
The orc warrior is moderately wounded.
A kobold comes into view. It is wielding a +0 dagger.
The orc warrior barely misses you.
You closely miss the orc warrior.
The kobold shouts!
You headbutt the orc warrior!
The orc warrior is severely wounded.
You barely miss the kobold brigand.
Unknown command.
You hit the orc warrior. You freeze the orc warrior.
Your headbutt misses the orc warrior.
The orc warrior is severely wounded.
You hit the kobold brigand. You freeze the kobold brigand.
The orc warrior hits you with a +0 glaive!
* * * LOW HITPOINT WARNING * * *
The kobold brigand hits you with a +0 vampiric short sword.
* * * LOW HITPOINT WARNING * * *
The kobold brigand draws strength from your wounds!
Unknown command.
You closely miss the orc warrior.
The orc warrior is severely wounded.
You barely miss the kobold brigand.
The orc warrior hits you with a +0 glaive!
You die...

# ##########.# #
........#.# ..
#......#.###### ...
#..............
....##......).......
...........@o...K...
...........KK.........
....###...........#..
... #.....#.K####.. .
#..........##.# ##
#.#####..#.##.#####..
#..........##........
#######....#.........
+....'.........


You could see an orc warrior, a kobold brigand and 3 kobolds.

Vanquished Creatures
  Edmund (D:5)
  A water moccasin (D:5)
  An orc warrior (D:6)
  A black bear (D:5)
  An ice beast (D:7)
  A phantom (D:5)
  A bullfrog (D:6)
  4 scorpions
  A wight (D:3)
  The ghost of DiggyJ the Ruffian, a weakling TrBe of Trog (D:3)
  A howler monkey (D:5)
  A crimson imp (D:4)
  3 hounds
  Jessica (D:3)
  Terence (D:2)
  6 iguanas
  An orc wizard (D:7)
  5 adders
  A white imp (D:6)
  2 ufetubi
  A worm (D:2)
  2 dart slugs (D:1)
  13 orcs
  7 ball pythons
  5 bats
  8 endoplasms
  2 giant cockroaches
  7 goblins
  2 hobgoblins (D:1)
  8 jackals
  2 quokkas
  2 frilled lizards (D:1)
  5 kobolds
  4 rats
103 creatures vanquished.

Notes
Turn   | Place    | Note
-------+----------+-------------------------------------------
     0 | D:1      | kiwi3s the Minotaur Berserker began the quest for the Orb.
     0 | D:1      | Reached XP level 1. HP: 19/19 MP: 0/0
   150 | D:1      | Reached XP level 2. HP: 27/27 MP: 1/1
   968 | D:2      | Reached XP level 3. HP: 29/33 MP: 2/2
  1058 | D:2      | Reached ** piety under Trog
  1420 | D:2      | Noticed Terence
  1425 | D:2      | Killed Terence
  1426 | D:2      | Reached XP level 4. HP: 40/41 MP: 3/3
  1628 | D:3      | Noticed Jessica
  1630 | D:3      | Killed Jessica
  1833 | D:3      | Reached XP level 5. HP: 46/47 MP: 4/4
  1875 | D:3      | Found a transporter.
  1875 | D:3      | Noticed DiggyJ's ghost (weakling TrBe)
  1891 | D:3      | Found a transporter.
  2037 | D:3      | Killed DiggyJ's ghost
  2038 | D:3      | Reached skill level 5 in Fighting
  2038 | D:3      | Reached skill level 5 in Axes
  2085 | D:4      | Found Ublobrin's Weapon Boutique.
  2221 | D:4      | Found a radiant altar of Vehumet.
  2221 | D:4      | Found a burning altar of Makhleb.
  2238 | D:4      | Reached XP level 6. HP: 48/56 MP: 5/5
  2349 | D:4      | Found a staircase to the Ecumenical Temple.
  2933 | D:5      | Entered Level 5 of the Dungeon
  2941 | D:5      | Identified the +1 leather armour of Cyhatweffe {Str+5
                  | Stlth+}
  2951 | D:5      | Noticed Edmund
  2963 | D:5      | Killed Edmund
  3283 | D:5      | Reached skill level 5 in Armour
  3283 | D:5      | Reached XP level 7. HP: 59/62 MP: 6/6
  3487 | D:5      | Reached skill level 5 in Dodging
  3715 | D:5      | Found Faog's Antique Weapon Shoppe.
  3939 | D:5      | Reached XP level 8. HP: 60/71 MP: 7/7
  3993 | D:5      | Found a hazy altar of Hepliaklqana.
  4715 | D:6      | Found a bloodstained altar of Trog.
  5441 | D:7      | HP: 5/109 [kobold brigand/+0 vampiric short sword (6)]
  5442 | D:7      | Slain by an orc warrior

Illustrated notes

Levels and vault maps discovered:
D:1:      psy_arrival_fountain, layout_basic
D:2:      layout_rooms, serial_bayou_pond_b, uniq_terence
D:3:      layout_basic, gammafunk_ghost_arena, dreamdust_wishing_well,
          uniq_jessica
D:4:      layout_loops_ring, grunt_temple_overflow_lords_of_destruction,
          temple_fountains, serial_shops, nicolae_stop_n_shop_2,
          nicolae_hexahallways, minmay_misc_feat_room, minivault_23
D:5:      layout_basic, worldfamousw_hep_ancestral_shrine, serial_shops,
          kennysheep_little_box, uniq_edmund
D:6:      layout_gridville, trog_butcher_becter, amethyst_killhole
D:7:      layout_basic, lemuel_mausoleum_altar_yredelemnul,
          nicolae_ossuary_entry_ruins, minmay_guarded_unrand_finisher

Skill      XL: |  1  2  3  4  5  6  7  8 |
---------------+-------------------------+-----
Fighting       | 4 5 6 7 |  7.3
Axes           | 4 5 6 7 |  7.3
Armour         | 3 4 5 6 |  6.8
Dodging        | 3 4 5 6 |  6.2

Action                     |  1- 3 |  4- 6 |  7- 9 || total
---------------------------+-------+-------+-------++-------
  Melee: Hand axe          |    83 |   119 |   105 ||   307
         Headbutt          |    21 |    16 |    18 ||    55
         Punch             |       |     1 |     2 ||     3
 Invoke: Berserk           |       |     2 |     1 ||     3
   Stab: Sleeping          |     1 |       |       ||     1
 Armour: Animal skin       |    22 |     2 |       ||    24
         Chain mail        |       |   101 |    32 ||   133
  Dodge: Dodged            |    60 |    72 |    34 ||   166

Table legend: (Time is in decaauts)
 A = Elapsed time spent in this place.
 B = Non-inter-level travel time spent in this place.
 C = Inter-level travel time spent in this place.
 D = Time resting spent in this place.
 E = Time spent auto-exploring this place.
 F = Levels seen in this place.
 G = Mean time per level.
                   A        B        C        D        E       F      G
               +--------+--------+--------+--------+--------+-----+--------+
         Total |   5472 |   5301 |    171 |    343 |   4245 |   7 |  781.7 |
       Dungeon |   5472 |   5301 |    171 |    343 |   4245 |   7 |  781.7 |
               +--------+--------+--------+--------+--------+-----+--------+

Top non-repeatable levels by time:
     D:5: 1462 daAuts
     D:6: 961 daAuts
     D:1: 952 daAuts
     D:4: 850 daAuts
     D:2: 645 daAuts
     D:3: 509 daAuts
     D:7: 91 daAuts
